Workbook

Sheet Balance
C5: BALANCE DE SITUACIÓN
C6: Septiembre 2026
C7: (No Auditado)
F10: M Eur
C11: ACTIVO | D11: Septiembre | E11: Diciembre | F11: Variación
D12: 2026 | E12: 2025
C14: ACTIVOS NO CORRIENTES: | D14: 146500.47 | E14: 135981.18 | F14: 10519.284
C15: Activo Intangible | D15: 28788.156 | E15: 22240.149 | F15: 6548.007
C16: Fondo de comercio | D16: 8588.8757 | E16: 8389.1879 | F16: 199.6878
C17: Otros activos intangibles | D17: 20199.28 | E17: 13850.961 | F17: 6348.3192
C18: Inversiones inmobiliarias | D18: 436.51815 | E18: 439.99396 | F18: -3.4758142
C19: Propiedad, planta y equipo | D19: 98622.148 | E19: 93842.034 | F19: 4780.1144
C20: Propiedad, planta y equipo en explotación | D20: 85486.334 | E20: 80444.846 | F20: 5041.4883
C21: Propiedad, planta y equipo en curso | D21: 13135.814 | E21: 13397.188 | F21: -261.37384
C22: Activo por derechos de uso | D22: 2646.6996 | E22: 2419.785 | F22: 226.91458
C23: Inversiones financieras no corrientes | D23: 7199.5196 | E23: 10196.645 | F23: -2997.1257
C24: Participaciones contabilizadas por el método de participación | D24: 1980.8565 | E24: 1497.2492 | F24: 483.60724
C25: Cartera de valores no corrientes | D25: 47.268393 | E25: 43.120361 | F25: 4.148032
... C47: TOTAL ACTIVO | D47: 170648.88 | E47: 160761.56 | F47: 9887.3184
C49: PATRIMONIO NETO Y PASIVO | D49: Septiembre | E49: Dic | F49: Variación
D50: 2026 | E50: 2025
C51: PATRIMONIO NETO: | D51: 62680.402 | E51: 63419.165 | F51: -738.7628
C52: De la sociedad dominante | D52: 50052.136 | E52: 50068.065 | F52: -15.929214
C53: Capital suscrito | D53: 5004.8561 | E53: 5010.9205 | F53: -6.0643956
C54: Ajustes por cambio de valor | D54: -234.00641 | E54: 219.0584 | F54: -453.06482
C55: Otras reservas | D55: 48523.378 | E55: 46803.905 | F55: 1719.4735
C56: Acciones propias en cartera | D56: -4202.4626 | E56: -2550.6164 | F56: -1651.8462
C57: Diferencias de conversión | D57: -4855.7735 | E57: -5700.1835 | F57: 844.40998
C58: Resultado neto del periodo | D58: 5816.1441 | E58: 6284.9814 | F58: -468.83729
C59: De participaciones no dominantes | D59: 4378.2662 | E59: 4101.0998 | F59: 277.16641
C60: De obligaciones perpetuas subordinadas | D60: 8250 | E60: 9250 | F60: -1000
C62: PASIVOS NO CORRIENTES: | D62: 75372.92 | E62: 68999.612 | F62: 6373.3079
C63: Subvenciones de capital | D63: 1392.3224 | E63: 1190.8799 | F63: 201.44249
... C96: TOTAL PATRIMONIO NETO Y PASIVO | D96: 170648.88 | E96: 160761.56 | F96: 9887.3183

Sheet PyG Ajustada
A6: CUENTA DE PÉRDIDAS Y GANANCIAS AJUSTADA
A7: Septiembre 2026
A8: (No Auditada)
A10: Q1 2010
D12: M Eur
B13: 46295 | C13: 45930 | D13: %
A14: INGRESOS | B14: 34405.03 | C14: 31870.981 | D14: 7.9509633
A15: APROVISIONAMIENTOS | B15: -16373.715 | C15: -14576.575 | D15: 12.328956
A16: MARGEN BRUTO | B16: 18031.316 | C16: 17294.405 | D16: 4.2609757
A17: GASTO OPERATIVO NETO | B17: -4123.7196 | C17: -4155.9475 | D17: -0.77546633
A18: Personal | B18: -3207.2535 | C18: -2969.1745 | D18: 8.018358
A19: Trabajos para el inmovilizado | B19: 924.95492 | C19: 859.66123 | D19: 7.5952811
A20: Servicio exterior | B20: -2772.6876 | C20: -2725.0885 | D20: 1.7466989
A21: Otros resultados de explotación | B21: 931.26661 | C21: 678.65419 | D21: 37.222553
A22: TRIBUTOS | B22: -2017.0254 | C22: -2074.3641 | D22: -2.7641584
A23: EBITDA | B23: 11890.571 | C23: 11064.094 | D23: 7.4699033
A24: AMORTIZACIONES y PROVISIONES | B24: -4245.4343 | C24: -4192.189 | D24: 1.2701075
A25: EBIT | B25: 7645.1363 | C25: 6871.9045 | D25: 11.252074
... A34: BENEFICIO NETO | B34: 5140.5026 | C34: 4726.853 | D34: 8.7510586

Sheet Negocios ajustado
C5: CUENTA DE PÉRDIDAS Y GANANCIAS POR NEGOCIOS AJUSTADO
C6: Septiembre 2026
C7: (No Auditados)
E9: M Eur
A10: =+C6 -> Septiembre 2026 | B10: Redes | C10: Producción de Electricidad y Clientes | D10: Otros Negocios | E10: Corporación y Ajustes
A11: Cifra de Negocios | B11: 16200.416 | C11: 18452.279 | D11: 79.422889 | E11: -327.08741
A12: Aprovisionamientos | B12: -6686.6194 | C12: -9868.5422 | D12: -52.668405 | E12: 234.11508
A13: MARGEN BRUTO | B13: 9513.7961 | C13: 8583.7373 | D13: 26.754484 | E13: -92.972333
A14: GASTOS OPERATIVOS NETOS | B14: -2372.0732 | C14: -1923.478 | D14: -31.685058 | E14: 203.51669
A15: Personal | B15: -1986.4882 | C15: -794.79233 | D15: -14.489607 | E15: -411.48343
A16: Trabajos para el inmovilizado | B16: 756.81082 | C16: 156.30825 | D16: 0.000122 | E16: 11.83573
A17: Servicio Exterior | B17: -1680.2677 | C17: -1683.3435 | D17: -22.377057 | E17: 613.30068
A18: Otros resultados de explotación | B18: 537.87185 | C18: 398.34957 | D18: 5.1814848 | E18: -10.136293
A19: TRIBUTOS | B19: -711.55467 | C19: -1300.9776 | D19: -1.1859312 | E19: -3.3071378
A20: EBITDA | B20: 6430.1683 | C20: 5359.2817 | D20: -6.1165049 | E20: 107.23722
A21: Amortiz. y Provisiones | B21: -2181.4448 | C21: -1934.847 | D21: -11.46812 | E21: -117.67442
A22: EBIT / Bº Explotación | B22: 4248.7234 | C22: 3424.4347 | D22: -17.584625 | E22: -10.437198
... A27: Beneficio Neto | B27: 2512.417 | C27: 2260.8816 | D27: -3.046563 | E27: 370.25054
E31: M Eur
A32: Septiembre 2025 | B32: Redes | C32: Producción de Electricidad y Clientes | D32: Otros Negocios | E32: Corporación y Ajustes
A33: Ingresos | B33: 14807.855 | C33: 17305.924 | D33: 55.996522 | E33: -298.79437
A34: Aprovisionamientos | B34: -6297.3352 | C34: -8514.8587 | D34: -26.629491 | E34: 262.24803
A35: MARGEN BRUTO | B35: 8510.5196 | C35: 8791.0648 | D35: 29.367031 | E35: -36.546338
A36: GASTOS OPERATIVOS NETOS | B36: -2247.4715 | C36: -1948.6515 | D36: -22.375548 | E36: 62.55098
A37: Personal | B37: -1771.2317 | C37: -798.89883 | D37: -12.873274 | E37: -386.17073
A38: Trabajos para el inmovilizado | B38: 675.62565 | C38: 173.58387 | D38: 0 | E38: 10.451711
A39: Servicio Exterior | B39: -1641.1399 | C39: -1571.1257 | D39: -9.6992051 | E39: 496.87633
A40: Otros resultados de explotación | B40: 489.27448 | C40: 247.78912 | D40: 0.19693138 | E40: -58.606332
A41: TRIBUTOS | B41: -664.55402 | C41: -1401.3561 | D41: -0.99124168 | E41: -7.4627027
A42: EBITDA | B42: 5598.4942 | C42: 5441.0572 | D42: 6.000242 | E42: 18.541939
A43: Amortiz. y Provisiones | B43: -2037.3374 | C43: -2018.9274 | D43: -9.5529852 | E43: -126.37128
A44: EBIT / Bº Explotación | B44: 3561.1568 | C44: 3422.1298 | D44: -3.5527433 | E44: -107.82934
... A49: Beneficio Neto | B49: 1938.9807 | C49: 2441.398 | D49: -10.961837 | E49: 357.43614

Sheet Redes ajustado
B5: NEGOCIO REDES AJUSTADO
B6: Septiembre 2026
B7: (No Auditados)
E8: M Eur
A9: =+'Negocios ajustado'!A10 -> Septiembre 2026 | B9: ESPAÑA | C9: REINO UNIDO | D9: EEUU | E9: BRASIL
A10: Ingresos | B10: 1862.2218 | C10: 2218.5829 | D10: 5220.7054 | E10: 6898.9054
A11: Aprovisionamientos | B11: -0.5518065 | C11: -54.287876 | D11: -2038.1144 | E11: -4593.6653
A12: MARGEN BRUTO | B12: 1861.67 | C12: 2164.295 | D12: 3182.591 | E12: 2305.2401
A13: GASTOS OPERATIVOS NETOS | B13: -204.43213 | C13: -451.61753 | D13: -1158.7016 | E13: -557.32196
A14: Personal | B14: -231.51887 | C14: -547.71497 | D14: -829.66141 | E14: -377.59292
A15: Trabajos para el inmovilizado | B15: 105.31381 | C15: 346.81399 | D15: 301.91747 | E15: 0
A16: Servicio Exterior | B16: -250.09245 | C16: -361.10037 | D16: -741.63605 | E16: -328.8134
A17: Otros resultados de explotación | B17: 171.86539 | C17: 110.38382 | D17: 110.67841 | E17: 149.08436
A18: TRIBUTOS | B18: -71.097779 | C18: -143.47307 | D18: -491.68203 | E18: -5.3017957
A19: EBITDA | B19: 1586.1401 | C19: 1569.2044 | D19: 1532.2074 | E19: 1742.6163
A20: Amortizaciones, provisiones y otras | B20: -557.39707 | C20: -446.89615 | D20: -709.77679 | E20: -467.37479
A21: EBIT / Bº Explotación | B21: 1028.743 | C21: 1122.3083 | D21: 822.43062 | E21: 1275.2415
... A26: BENEFICIO NETO | B26: 803.48028 | C26: 836.11305 | D26: 485.98896 | E26: 386.83475
E30: M Eur
A31: =+'Negocios ajustado'!A32 -> Septiembre 2025 | B31: ESPAÑA | C31: REINO UNIDO | D31: EEUU | E31: BRASIL
A32: Ingresos | B32: 1593.667 | C32: 1906.7091 | D32: 4919.5303 | E32: 6389.5093
A33: Aprovisionamientos | B33: -0.12837476 | C33: -57.383534 | D33: -1952.1717 | E33: -4287.6516
A34: MARGEN BRUTO | B34: 1593.5386 | C34: 1849.3255 | D34: 2967.3586 | E34: 2101.8577
A35: GASTOS OPERATIVOS NETOS | B35: -189.90257 | C35: -391.21477 | D35: -1159.3876 | E35: -508.52729
A36: Personal | B36: -223.30068 | C36: -451.18296 | D36: -761.70706 | E36: -335.04096
A37: Trabajos para el inmovilizado | B37: 100.60601 | C37: 276.22599 | D37: 297.71557 | E37: 0
A38: Servicio Exterior | B38: -235.73892 | C38: -324.61224 | D38: -789.99831 | E38: -291.27317
A39: Otros resultados de explotación | B39: 168.53103 | C39: 108.35443 | D39: 94.602185 | E39: 117.78684
A40: TRIBUTOS | B40: -63.282972 | C40: -128.70534 | D40: -467.61992 | E40: -4.9457916
A41: EBITDA | B41: 1340.3531 | C41: 1329.4054 | D41: 1340.351 | E41: 1588.3846
A42: Amortizaciones, provisiones y otras | B42: -533.88244 | C42: -415.90543 | D42: -676.87129 | E42: -410.67821
A43: EBIT / Bº Explotación | B43: 806.47061 | C43: 913.49999 | D43: 663.47975 | E43: 1177.7064
... A48: BENEFICIO NETO | B48: 605.15646 | C48: 658.84565 | D48: 376.18127 | E48: 298.79729

Sheet Prod. de Electr&Clie ajustada
C5: NEGOCIO PRODUCCIÓN DE ELECTRICIDAD Y CLIENTES AJUSTADO
C6: Septiembre 2026
C7: (No Auditados)
G8: M Eur
A9: =+'Redes ajustado'!A9 -> Septiembre 2026 | B9: ESPAÑA | C9: REINO UNIDO | D9: EEUU | E9: MÉXICO | F9: BRASIL | G9: RdM
A10: Ingresos | B10: 12107.287 | C10: 3539.8561 | D10: 1223.7241 | E10: 17.179394 | F10: 349.4005 | G10: 1871.6208
A11: Aprovisionamientos | B11: -7301.2326 | C11: -1806.8266 | D11: -201.98688 | E11: -1.7141e-08 | F11: -158.13492 | G11: -1047.2987
A12: MARGEN BRUTO | B12: 4806.0543 | C12: 1733.0295 | D12: 1021.7373 | E12: 17.179394 | F12: 191.26558 | G12: 824.32212
A13: GASTOS OPERATIVOS NETOS | B13: -792.96288 | C13: -601.7628 | D13: -233.66415 | E13: 0.29724048 | F13: -22.318907 | G13: -277.78022
A14: Personal | B14: -340.21533 | C14: -153.9209 | D14: -179.59752 | E14: 1e-13 | F14: -22.677845 | G14: -97.995692
A15: Trabajos para el inmovilizado | B15: 49.242211 | C15: 31.786216 | D15: 31.39948 | E15: 1e-13 | F15: 0.78827673 | G15: 37.126066
A16: Servicio Exterior | B16: -677.57478 | C16: -607.98384 | D16: -185.27611 | E16: 0 | F16: -36.104147 | G16: -224.70249
A17: Otros resultados de explotación | B17: 175.58502 | C17: 128.35572 | D17: 99.810001 | E17: 0.29724048 | F17: 35.674808 | G17: 7.7918956
A18: TRIBUTOS | B18: -1100.2465 | C18: -112.44028 | D18: -59.186003 | E18: 3e-13 | F18: -0.72174566 | G18: -28.380355
A19: EBITDA | B19: 2912.8449 | C19: 1018.8265 | D19: 728.8871 | E19: 17.476634 | F19: 168.22493 | G19: 518.16155
A20: Amortizaciones, provisiones y otras | B20: -811.37648 | C20: -425.07117 | D20: -343.38997 | E20: -6e-13 | F20: -55.09189 | G20: -301.05017
A21: EBIT / Bº Explotación | B21: 2101.4685 | C21: 593.75529 | D21: 385.49712 | E21: 17.476634 | F21: 113.13304 | G21: 217.11138
... A26: BENEFICIO NETO | B26: 1477.5318 | C26: 324.74477 | D26: 301.74724 | E26: 87.273499 | F26: 87.092986 | G26: -14.23749
G30: M Eur
A31: =+'Redes ajustado'!A31 -> Septiembre 2025 | B31: ESPAÑA | C31: REINO UNIDO | D31: EEUU | E31: MÉXICO | F31: BRASIL | G31: RdM
A32: Ingresos | B32: 10991.905 | C32: 3647.1154 | D32: 1218.5497 | E32: -33.400193 | F32: 188.30809 | G32: 2044.8328
A33: Aprovisionamientos | B33: -6000.3969 | C33: -1860.6326 | D33: -196.45581 | E33: 8.9669e-09 | F33: 19.715576 | G33: -1228.5173
A34: MARGEN BRUTO | B34: 4991.508 | C34: 1786.4827 | D34: 1022.0939 | E34: -33.400193 | F34: 208.02367 | G34: 816.31546
A35: GASTOS OPERATIVOS NETOS | B35: -809.56537 | C35: -645.02167 | D35: -235.58486 | E35: -1.6757919 | F35: -57.479105 | G35: -199.28343
A36: Personal | B36: -341.25862 | C36: -155.96653 | D36: -185.22883 | E36: 3e-13 | F36: -23.605915 | G36: -92.838943
A37: Trabajos para el inmovilizado | B37: 52.061482 | C37: 38.729286 | D37: 46.821505 | E37: -1e-13 | F37: 1.3477262 | G37: 31.42217
A38: Servicio Exterior | B38: -693.54046 | C38: -506.0221 | D38: -175.96947 | E38: -1.7987385 | F38: -35.049136 | G38: -209.29877
A39: Otros resultados de explotación | B39: 173.17223 | C39: -21.762332 | D39: 78.791936 | E39: 0.12294668 | F39: -0.1717805 | G39: 71.432117
A40: TRIBUTOS | B40: -1129.1556 | C40: -185.26476 | D40: -57.176618 | E40: 3e-13 | F40: -0.58504879 | G40: -29.174023
A41: EBITDA | B41: 3052.7869 | C41: 956.19632 | D41: 729.33243 | E41: -35.075984 | F41: 149.95951 | G41: 587.85801
A42: Amortizaciones, provisiones y otras | B42: -774.8789 | C42: -461.45295 | D42: -431.66023 | E42: -4e-13 | F42: -71.445767 | G42: -280.92639
A43: EBIT / Bº Explotación | B43: 2277.908 | C43: 494.74336 | D43: 297.6722 | E43: -35.075984 | F43: 78.513748 | G43: 306.93162
... A48: BENEFICIO NETO | B48: 1620.7648 | C48: 249.87804 | D48: 222.66367 | E48: 236.24107 | F48: 28.690858 | G48: 82.089008

Sheet Trimestrales ajustado
A5: CUENTA DE PÉRDIDAS Y GANANCIAS POR TRIMESTRE
A6: 46295
A7: (No Auditada)
F8: M Eur
B9: ENE-MAR 2026 | D9: ABR-JUN 2026 | F9: JUL-SEPT 2026
A10: INGRESOS | B10: 12017.575 | D10: 10451.514 | F10: 11935.941
A11: APROVISIONAMIENTOS | B11: -5588.2399 | D11: -4624.1721 | F11: -6161.3029
A12: MARGEN BRUTO | B12: 6429.3355 | D12: 5827.3416 | F12: 5774.6385
A13: GASTOS OPERATIVOS NETOS | B13: -1348.4102 | D13: -1364.2874 | F13: -1411.022
A14: Personal | B14: -1040.7386 | D14: -1058.4647 | F14: -1108.0502
A15: Trabajos para el inmovilizado | B15: 288.35701 | D15: 327.51732 | F15: 309.08059
A16: Servicio exterior | B16: -894.15459 | D16: -977.19657 | F16: -901.3364
A17: Otros resultados de explotación | B17: 298.12599 | D17: 343.85653 | F17: 289.28409
A18: TRIBUTOS | B18: -1013.7904 | D18: -480.15892 | F18: -523.07599
A19: EBITDA | B19: 4067.1349 | D19: 3982.8952 | F19: 3840.5406
A20: AMORTIZACIONES y PROVISIONES | B20: -1475.7074 | D20: -1348.6867 | F20: -1421.0403
A21: EBIT | B21: 2591.4275 | D21: 2634.2085 | F21: 2419.5003
... A30: BENEFICIO NETO | B30: 1865.0164 | D30: 1699.9134 | F30: 1575.5729
F38: M Eur
B39: ENE-MAR 2025 | D39: ABR-JUN 2025 | F39: JUL-SEPT 2025
A40: INGRESOS | B40: 12053.393 | D40: 9517.5358 | F40: 10300.051
A41: APROVISIONAMIENTOS | B41: -5560.9271 | D41: -4186.6199 | F41: -4829.0283
A42: MARGEN BRUTO | B42: 6492.4661 | D42: 5330.9159 | F42: 5471.0232
A43: GASTO OPERATIVO NETO | B43: -1431.4944 | D43: -1312.5491 | F43: -1411.9041
A44: Personal | B44: -1008.4838 | D44: -947.28975 | F44: -1013.4009
A45: Trabajos para el inmovilizado | B45: 250.07795 | D45: 328.87354 | F45: 280.70975
A46: Servicio exterior | B46: -912.81979 | D46: -911.48777 | F46: -900.78091
A47: Otros resultados de explotación | B47: 239.73133 | D47: 217.35492 | F47: 221.56795
A48: TRIBUTOS | B48: -1087.2934 | D48: -495.12954 | F48: -491.94113
A49: EBITDA | B49: 3973.6783 | D49: 3523.2373 | F49: 3567.178
A50: AMORTIZACIONES y PROVISIONES | B50: -1358.034 | D50: -1407.406 | F50: -1426.749
A51: EBIT | B51: 2615.6443 | D51: 2115.8312 | F51: 2140.4289
... A60: BENEFICIO NETO | B60: 1674.3608 | D60: 1633.6516 | F60: 1418.8405

Sheet Cuenta por Países ajustado
C5: CUENTA POR PAÍSES AJUSTADO
C6: =+'PyG Ajustada'!A7 -> Septiembre 2026
C7: (No Auditados)
G8: M Eur
A9: =+'Prod. de Electr&Clie ajustada'!A9 -> Septiembre 2026 | B9: ESPAÑA | C9: REINO UNIDO | D9: EE.UU. | E9: MEXICO | F9: BRASIL | G9: RdM
A10: Ingresos | B10: 13911.624 | C10: 5619.891 | D10: 6444.4296 | E10: 17.179394 | F10: 7207.4138 | G10: 1735.635
A11: Aprovisionamientos | B11: -7240.9069 | C11: -1739.9941 | D11: -2240.1013 | E11: -1.7141e-08 | F11: -4711.0316 | G11: -979.18771
A12: MARGEN BRUTO | B12: 6670.7173 | C12: 3879.8969 | D12: 4204.3283 | E12: 17.179394 | F12: 2496.3822 | G12: 756.44734
A13: GASTOS OPERATIVOS NETOS | B13: -964.08884 | C13: -1002.1598 | D13: -1392.0201 | E13: -1.5768817 | F13: -554.9139 | G13: -252.42338
A14: Personal | B14: -644.56244 | C14: -767.69395 | D14: -1095.4528 | E14: 1e-13 | F14: -412.01442 | G14: -98.680915
A15: Trabajos para el inmovilizado | B15: 156.83809 | C15: 380.80266 | D15: 333.31856 | E15: 1e-13 | F15: 0.78827673 | G15: 35.023682
A16: Servicio Exterior | B16: -841.10478 | C16: -834.59379 | D16: -838.76064 | E16: -1.9172609 | F16: -397.671 | G16: -185.18902
A17: Otros resultados de explotación | B17: 364.74029 | C17: 219.32525 | D17: 208.87474 | E17: 0.34037916 | F17: 253.98324 | G17: -3.5771351
A18: TRIBUTOS | B18: -1173.0191 | C18: -259.32966 | D18: -550.88604 | E18: 3e-13 | F18: -6.2654656 | G18: -25.48991
A19: EBITDA | B19: 4533.6094 | C19: 2618.4074 | D19: 2261.4221 | E19: 15.602512 | F19: 1935.2029 | G19: 478.53404
G23: M Eur
A24: =+'Prod. de Electr&Clie ajustada'!A31 -> Septiembre 2025 | B24: ESPAÑA | C24: REINO UNIDO | D24: EE.UU. | E24: MEXICO | F24: BRASIL | G24: RdM
A25: Ingresos | B25: 12502.935 | C25: 5415.5126 | D25: 6138.08 | E25: -33.400193 | F25: 6513.1482 | G25: 2044.8211
A26: Aprovisionamientos | B26: -5925.4748 | C26: -1796.1959 | D26: -2148.6275 | E26: 8.9669e-09 | F26: -4203.7848 | G26: -1228.5177
A27: MARGEN BRUTO | B27: 6577.4598 | C27: 3619.3167 | D27: 3989.4525 | E27: -33.400193 | F27: 2309.3634 | G27: 816.30336
A28: GASTOS OPERATIVOS NETOS | B28: -918.58495 | C28: -985.67042 | D28: -1396.7658 | E28: -7.3580618 | F28: -598.20293 | G28: -201.61616
A29: Personal | B29: -632.51626 | C29: -672.28575 | D29: -1037.0688 | E29: 5e-13 | F29: -365.89025 | G29: -102.85095
A30: Trabajos para el inmovilizado | B30: 153.71683 | C30: 316.75195 | D30: 344.53708 | E30: -1e-13 | F30: 1.3477262 | G30: 31.42217
A31: Servicio Exterior | B31: -830.08298 | C31: -721.04316 | D31: -877.11552 | E31: -7.5159833 | F31: -354.86789 | G31: -201.62139
A32: Otros resultados de explotación | B32: 390.29746 | C32: 90.906548 | D32: 172.88148 | E32: 0.15792147 | F32: 121.20749 | G32: 71.434012
A33: TRIBUTOS | B33: -1193.2234 | C33: -317.20993 | D33: -524.75543 | E33: 4e-13 | F33: -5.7592572 | G33: -29.916946
A34: EBITDA | B34: 4465.6515 | C34: 2316.4364 | D34: 2067.9313 | E34: -40.758254 | F34: 1705.4012 | G34: 584.77025

Sheet EOAF
B5: ESTADO DE ORIGEN Y APLICACIÓN DE FONDOS
B6: =+'Cuenta por Países ajustado'!C6 -> Septiembre 2026
B7: (No Auditados)
D8: M Eur
B9: 9M 2026 | C9: 9M 2025 | D9: Variación
A10: EBITDA | B10: 11891 | C10: 11064 | D10: 826
A11: Plusvalia/Minusvalia desinversiones grupo | B11: -134.4 | C11: 130 | D11: -265
A12: Imputación a resultados de subvenciones de capital (-) | B12: -98 | C12: -90 | D12: -9
A13: Dividendos sociedades método participación (+) | B13: 53 | C13: 38 | D13: 15
A14: Resultado financiero (-) | B14: -1687 | C14: -1163 | D14: -524
A15: Actualización financiera provisiones (+) | B15: 57 | C15: 130 | D15: -73
A16: Impuesto sociedades (-) | B16: -1095 | C16: -1107 | D16: 12
A17: Capital Allowances (+) | B17: 278 | C17: 191 | D17: 87
A18: FFO | B18: 9264 | C18: 9194 | D18: 70
A20: Pago de dividendo e inversión autocartera | B20: -5414 | C20: -3844 | D20: -1571
A21: Pago en efectivo accionistas Iberdrola | B21: -1030 | C21: -1275 | D21: 245
A22: Pago en efectivo accionistas minoritarios | B22: -235 | C22: -222 | D22: -13
... A31: Disminución/(Aumento) en deuda neta | B31: -4524 | C31: 5078 | D31: -9602

Sheet PyG reportada
A5: CUENTA DE PÉRDIDAS Y GANANCIAS
A6: =+EOAF!B6 -> Septiembre 2026
A7: (No Auditada)
D9: M Eur
B10: Septiembre 2026 | C10: Septiembre 2025 | D10: %
A11: INGRESOS | B11: 34405.03 | C11: 32400.513 | D11: 6.186683
A12: APROVISIONAMIENTOS | B12: -16373.715 | C12: -14576.575 | D12: 12.328956
A13: MARGEN BRUTO | B13: 18031.316 | C13: 17823.938 | D13: 1.1634775
A14: GASTO OPERATIVO NETO | B14: -4123.7196 | C14: -3774.2763 | D14: 9.2585496
A15: Personal | B15: -3207.2535 | C15: -2969.1745 | D15: 8.018358
A16: Trabajos para el inmovilizado | B16: 924.95492 | C16: 859.66123 | D16: 7.5952811
A17: Servicio exterior | B17: -2772.6876 | C17: -2725.0885 | D17: 1.7466989
A18: Otros resultados de explotación | B18: 931.26661 | C18: 1060.3254 | D18: -12.171622
A19: TRIBUTOS | B19: -2017.0254 | C19: -2074.3641 | D19: -2.7641584
A20: EBITDA | B20: 11890.571 | C20: 11975.298 | D20: -0.70751501
A21: AMORTIZACIONES y PROVISIONES | B21: -4245.4343 | C21: -4192.189 | D21: 1.2701075
A22: EBIT | B22: 7645.1363 | C22: 7783.1087 | D22: -1.772715
... A32: BENEFICIO NETO REPORTADO | B32: 5816.1441 | C32: 5306.9527 | D32: 9.5947983
A34: Nota: De acuerdo con la NIIF 5, la contribución de México está registrada como Operaciones discontinuadas.

Sheet Negocios reportada
C5: CUENTA DE PÉRDIDAS Y GANANCIAS POR NEGOCIOS
C6: =+'PyG reportada'!A6 -> Septiembre 2026
C7: (No Auditados)
E9: M Eur
A10: =+'Prod. de Electr&Clie ajustada'!A9 -> Septiembre 2026 | B10: Redes | C10: Producción de Electricidad y Clientes | D10: Otros Negocios | E10: Corporación y Ajustes
A11: Cifra de Negocios | B11: 16200.416 | C11: 18452.279 | D11: 79.422889 | E11: -327.08741
A12: Aprovisionamientos | B12: -6686.6194 | C12: -9868.5422 | D12: -52.668405 | E12: 234.11508
A13: MARGEN BRUTO | B13: 9513.7961 | C13: 8583.7373 | D13: 26.754484 | E13: -92.972333
A14: GASTOS OPERATIVOS NETOS | B14: -2372.0732 | C14: -1923.478 | D14: -31.685058 | E14: 203.51669
A15: Personal | B15: -1986.4882 | C15: -794.79233 | D15: -14.489607 | E15: -411.48343
A16: Trabajos para el inmovilizado | B16: 756.81082 | C16: 156.30825 | D16: 0.000122 | E16: 11.83573
A17: Servicio Exterior | B17: -1680.2677 | C17: -1683.3435 | D17: -22.377057 | E17: 613.30068
A18: Otros resultados de explotación | B18: 537.87185 | C18: 398.34957 | D18: 5.1814848 | E18: -10.136293
A19: TRIBUTOS | B19: -711.55467 | C19: -1300.9776 | D19: -1.1859312 | E19: -3.3071378
A20: EBITDA | B20: 6430.1683 | C20: 5359.2817 | D20: -6.1165049 | E20: 107.23722
A21: Amortiz. y Provisiones | B21: -2181.4448 | C21: -1934.847 | D21: -11.46812 | E21: -117.67442
A22: EBIT / Bº Explotación | B22: 4248.7234 | C22: 3424.4347 | D22: -17.584625 | E22: -10.437198
... A30: BENEFICIO NETO REPORTADO | B30: 2234.7861 | C30: 2194.9889 | D30: -3.046563 | E30: 1389.4157
E34: M Eur
A35: =+'Prod. de Electr&Clie ajustada'!A31 -> Septiembre 2025 | B35: Redes | C35: Producción de Electricidad y Clientes | D35: Otros Negocios | E35: Corporación y Ajustes
A36: Cifra de Negocios | B36: 15337.388 | C36: 17305.924 | D36: 55.996522 | E36: -298.79437
A37: Aprovisionamientos | B37: -6297.3352 | C37: -8514.8587 | D37: -26.629491 | E37: 262.24803
A38: MARGEN BRUTO | B38: 9040.0525 | C38: 8791.0648 | D38: 29.367031 | E38: -36.546338
A39: GASTOS OPERATIVOS NETOS | B39: -2247.4715 | C39: -1296.1754 | D39: -22.375548 | E39: -208.2539
A40: Personal | B40: -1771.2317 | C40: -798.89883 | D40: -12.873274 | E40: -386.17073
A41: Trabajos para el inmovilizado | B41: 675.62565 | C41: 173.58387 | D41: 0 | E41: 10.451711
A42: Servicio Exterior | B42: -1641.1399 | C42: -1571.1257 | D42: -9.6992051 | E42: 496.87633
A43: Otros resultados de explotación | B43: 489.27448 | C43: 900.26522 | D43: 0.19693138 | E43: -329.41121
A44: TRIBUTOS | B44: -664.55402 | C44: -1401.3561 | D44: -0.99124168 | E44: -7.4627027
A45: EBITDA | B45: 6128.0271 | C45: 6093.5333 | D45: 6.000242 | E45: -252.26294
A46: Amortiz. y Provisiones | B46: -2037.3374 | C46: -2018.9274 | D46: -9.5529852 | E46: -126.37128
A47: EBIT / Bº Explotación | B47: 4090.6897 | C47: 4074.6059 | D47: -3.5527433 | E47: -378.63422
... A55: BENEFICIO NETO REPORTADO | B55: 2137.4092 | C55: 3093.8741 | D55: -10.961837 | E55: 86.631257

Sheet Redes reportado
B5: NEGOCIO REDES
B6: =+'Negocios reportada'!C6 -> Septiembre 2026
B7: (No Auditados)
E8: M Eur
A9: =+'Negocios reportada'!A10 -> Septiembre 2026 | B9: ESPAÑA | C9: REINO UNIDO | D9: EEUU | E9: BRASIL
A10: Ingresos | B10: 1862.2218 | C10: 2218.5829 | D10: 5220.7054 | E10: 6898.9054
A11: Aprovisionamientos | B11: -0.5518065 | C11: -54.287876 | D11: -2038.1144 | E11: -4593.6653
A12: MARGEN BRUTO | B12: 1861.67 | C12: 2164.295 | D12: 3182.591 | E12: 2305.2401
A13: GASTOS OPERATIVOS NETOS | B13: -204.43213 | C13: -451.61753 | D13: -1158.7016 | E13: -557.32196
A14: Personal | B14: -231.51887 | C14: -547.71497 | D14: -829.66141 | E14: -377.59292
A15: Trabajos para el inmovilizado | B15: 105.31381 | C15: 346.81399 | D15: 301.91747 | E15: 0
A16: Servicio Exterior | B16: -250.09245 | C16: -361.10037 | D16: -741.63605 | E16: -328.8134
A17: Otros resultados de explotación | B17: 171.86539 | C17: 110.38382 | D17: 110.67841 | E17: 149.08436
A18: TRIBUTOS | B18: -71.097779 | C18: -143.47307 | D18: -491.68203 | E18: -5.3017957
A19: EBITDA | B19: 1586.1401 | C19: 1569.2044 | D19: 1532.2074 | E19: 1742.6163
A20: Amortizaciones, provisiones y otras | B20: -557.39707 | C20: -446.89615 | D20: -709.77679 | E20: -467.37479
A21: EBIT / Bº Explotación | B21: 1028.743 | C21: 1122.3083 | D21: 822.43062 | E21: 1275.2415
... A29: BENEFICIO NETO REPORTADO | B29: 803.48028 | C29: 558.48209 | D29: 485.98896 | E29: 386.83475
E33: M Eur
A34: =+'Negocios reportada'!A35 -> Septiembre 2025 | B34: ESPAÑA | C34: REINO UNIDO | D34: EEUU | E34: BRASIL
A35: Ingresos | B35: 1593.667 | C35: 1906.7091 | D35: 5449.0632 | E35: 6389.5093
A36: Aprovisionamientos | B36: -0.12837476 | C36: -57.383534 | D36: -1952.1717 | E36: -4287.6516
A37: MARGEN BRUTO | B37: 1593.5386 | C37: 1849.3255 | D37: 3496.8915 | E37: 2101.8577
A38: GASTOS OPERATIVOS NETOS | B38: -189.90257 | C38: -391.21477 | D38: -1159.3876 | E38: -508.52729
A39: Personal | B39: -223.30068 | C39: -451.18296 | D39: -761.70706 | E39: -335.04096
A40: Trabajos para el inmovilizado | B40: 100.60601 | C40: 276.22599 | D40: 297.71557 | E40: 0
A41: Servicio Exterior | B41: -235.73892 | C41: -324.61224 | D41: -789.99831 | E41: -291.27317
A42: Otros resultados de explotación | B42: 168.53103 | C42: 108.35443 | D42: 94.602185 | E42: 117.78684
A43: TRIBUTOS | B43: -63.282972 | C43: -128.70534 | D43: -467.61992 | E43: -4.9457916
A44: EBITDA | B44: 1340.3531 | C44: 1329.4054 | D44: 1869.8839 | E44: 1588.3846
A45: Amortizaciones, provisiones y otras | B45: -533.88244 | C45: -415.90543 | D45: -676.87129 | E45: -410.67821
A46: EBIT / Bº Explotación | B46: 806.47061 | C46: 913.49999 | D46: 1193.0127 | E46: 1177.7064
... A54: BENEFICIO NETO REPORTADO | B54: 605.15646 | C54: 468.06748 | D54: 765.38795 | E54: 298.79729

Sheet Prod. Genera&Clientes reportada
C5: NEGOCIO PRODUCCIÓN DE ELECTRICIDAD Y CLIENTES
C6: =+'Redes reportado'!B6 -> Septiembre 2026
C7: (No Auditados)
G8: M Eur
A9: =+'Negocios reportada'!A10 -> Septiembre 2026 | B9: ESPAÑA | C9: REINO UNIDO | D9: EEUU | E9: MÉXICO | F9: BRASIL | G9: RdM
A10: Ingresos | B10: 12107.287 | C10: 3539.8561 | D10: 1223.7241 | E10: 17.179394 | F10: 349.4005 | G10: 1871.6208
A11: Aprovisionamientos | B11: -7301.2326 | C11: -1806.8266 | D11: -201.98688 | E11: -1.7141e-08 | F11: -158.13492 | G11: -1047.2987
A12: MARGEN BRUTO | B12: 4806.0543 | C12: 1733.0295 | D12: 1021.7373 | E12: 17.179394 | F12: 191.26558 | G12: 824.32212
A13: GASTOS OPERATIVOS NETOS | B13: -792.96288 | C13: -601.7628 | D13: -233.66415 | E13: 0.29724048 | F13: -22.318907 | G13: -277.78022
A14: Personal | B14: -340.21533 | C14: -153.9209 | D14: -179.59752 | E14: 1e-13 | F14: -22.677845 | G14: -97.995692
A15: Trabajos para el inmovilizado | B15: 49.242211 | C15: 31.786216 | D15: 31.39948 | E15: 1e-13 | F15: 0.78827673 | G15: 37.126066
A16: Servicio Exterior | B16: -677.57478 | C16: -607.98384 | D16: -185.27611 | E16: 0 | F16: -36.104147 | G16: -224.70249
A17: Otros resultados de explotación | B17: 175.58502 | C17: 128.35572 | D17: 99.810001 | E17: 0.29724048 | F17: 35.674808 | G17: 7.7918956
A18: TRIBUTOS | B18: -1100.2465 | C18: -112.44028 | D18: -59.186003 | E18: 3e-13 | F18: -0.72174566 | G18: -28.380355
A19: EBITDA | B19: 2912.8449 | C19: 1018.8265 | D19: 728.8871 | E19: 17.476634 | F19: 168.22493 | G19: 518.16155
A20: Amortizaciones, provisiones y otras | B20: -811.37648 | C20: -425.07117 | D20: -343.38997 | E20: -6e-13 | F20: -55.09189 | G20: -301.05017
A21: EBIT / Bº Explotación | B21: 2101.4685 | C21: 593.75529 | D21: 385.49712 | E21: 17.476634 | F21: 113.13304 | G21: 217.11138
... A29: BENEFICIO NETO REPORTADO | B29: 1477.5318 | C29: 324.74477 | D29: 301.74724 | E29: 21.200297 | F29: 87.273499 | G29: -14.23749
G33: M Eur
A34: =+'Negocios reportada'!A35 -> Septiembre 2025 | B34: ESPAÑA | C34: REINO UNIDO | D34: EEUU | E34: MÉXICO | F34: BRASIL | G34: RdM
A35: Ingresos | B35: 10991.905 | C35: 3647.1154 | D35: 1218.5497 | E35: -33.400193 | F35: 188.30809 | G35: 2044.8328
A36: Aprovisionamientos | B36: -6000.3969 | C36: -1860.6326 | D36: -196.45581 | E36: 8.9669e-09 | F36: 19.715576 | G36: -1228.5173
A37: MARGEN BRUTO | B37: 4991.508 | C37: 1786.4827 | D37: 1022.0939 | E37: -33.400193 | F37: 208.02367 | G37: 816.31546
A38: GASTOS OPERATIVOS NETOS | B38: -809.56537 | C38: 7.4544288 | D38: -235.58486 | E38: -1.6757919 | F38: -57.479105 | G38: -199.28343
A39: Personal | B39: -341.25862 | C39: -155.96653 | D39: -185.22883 | E39: 3e-13 | F39: -23.605915 | G39: -92.838943
A40: Trabajos para el inmovilizado | B40: 52.061482 | C40: 38.729286 | D40: 46.821505 | E40: -1e-13 | F40: 1.3477262 | G40: 31.42217
A41: Servicio Exterior | B41: -693.54046 | C41: -506.0221 | D41: -175.96947 | E41: -1.7987385 | F41: -35.049136 | G41: -209.29877
A42: Otros resultados de explotación | B42: 173.17223 | C42: 630.71377 | D42: 78.791936 | E42: 0.12294668 | F42: -0.1717805 | G42: 71.432117
A43: TRIBUTOS | B43: -1129.1556 | C43: -185.26476 | D43: -57.176618 | E43: 3e-13 | F43: -0.58504879 | G43: -29.174023
A44: EBITDA | B44: 3052.7869 | C44: 1608.6724 | D44: 729.33243 | E44: -35.075984 | F44: 149.95951 | G44: 587.85801
A45: Amortizaciones, provisiones y otras | B45: -774.8789 | C45: -461.45295 | D45: -431.66023 | E45: -4e-13 | F45: -71.445767 | G45: -280.92639
A46: EBIT / Bº Explotación | B46: 2277.908 | C46: 1147.2195 | D46: 297.6722 | E46: -35.075984 | F46: 78.513748 | G46: 306.93162
... A54: BENEFICIO NETO REPORTADO | B54: 1620.7648 | C54: 902.35414 | D54: 222.66367 | E54: 236.24107 | F54: 28.690858 | G54: 82.089008

Sheet Cuenta por Países reportada
C5: CUENTA POR PAÍSES
C6: =+'Prod. Genera&Clientes reportada'!C6 -> Septiembre 2026
C7: (No Auditados)
G8: M Eur
A9: =+'Prod. Genera&Clientes reportada'!A9 -> Septiembre 2026 | B9: ESPAÑA | C9: REINO UNIDO | D9: EEUU | E9: MEXICO | F9: BRASIL | G9: RdM
A10: Ingresos | B10: 13911.624 | C10: 5619.891 | D10: 6444.4296 | E10: 17.179394 | F10: 7207.4138 | G10: 1735.635
A11: Aprovisionamientos | B11: -7240.9069 | C11: -1739.9941 | D11: -2240.1013 | E11: -1.7141e-08 | F11: -4711.0316 | G11: -979.18771
A12: MARGEN BRUTO | B12: 6670.7173 | C12: 3879.8969 | D12: 4204.3283 | E12: 17.179394 | F12: 2496.3822 | G12: 756.44734
A13: GASTOS OPERATIVOS NETOS | B13: -964.08884 | C13: -1002.1598 | D13: -1392.0201 | E13: -1.5768817 | F13: -554.9139 | G13: -252.42338
A14: Personal | B14: -644.56244 | C14: -767.69395 | D14: -1095.4528 | E14: 1e-13 | F14: -412.01442 | G14: -98.680915
A15: Trabajos para el inmovilizado | B15: 156.83809 | C15: 380.80266 | D15: 333.31856 | E15: 1e-13 | F15: 0.78827673 | G15: 35.023682
A16: Servicio Exterior | B16: -841.10478 | C16: -834.59379 | D16: -838.76064 | E16: -1.9172609 | F16: -397.671 | G16: -185.18902
A17: Otros resultados de explotación | B17: 364.74029 | C17: 219.32525 | D17: 208.87474 | E17: 0.34037916 | F17: 253.98324 | G17: -3.5771351
A18: TRIBUTOS | B18: -1173.0191 | C18: -259.32966 | D18: -550.88604 | E18: 3e-13 | F18: -6.2654656 | G18: -25.48991
A19: EBITDA | B19: 4533.6094 | C19: 2618.4074 | D19: 2261.4221 | E19: 15.602512 | F19: 1935.2029 | G19: 478.53404
G23: M Eur
A24: =+'Prod. Genera&Clientes reportada'!A34 -> Septiembre 2025 | B24: ESPAÑA | C24: REINO UNIDO | D24: EEUU | E24: MEXICO | F24: BRASIL | G24: RdM
A25: Ingresos | B25: 12502.935 | C25: 5415.5126 | D25: 6138.08 | E25: -33.400193 | F25: 6513.1482 | G25: 2044.8211
A26: Aprovisionamientos | B26: -5925.4748 | C26: -1796.1959 | D26: -2148.6275 | E26: 8.9669e-09 | F26: -4203.7848 | G26: -1228.5177
A27: MARGEN BRUTO | B27: 6577.4598 | C27: 3619.3167 | D27: 3989.4525 | E27: -33.400193 | F27: 2309.3634 | G27: 816.30336
A28: GASTOS OPERATIVOS NETOS | B28: -918.58495 | C28: -985.67042 | D28: -1396.7658 | E28: -7.3580618 | F28: -598.20293 | G28: -201.61616
A29: Personal | B29: -632.51626 | C29: -672.28575 | D29: -1037.0688 | E29: 5e-13 | F29: -365.89025 | G29: -102.85095
A30: Trabajos para el inmovilizado | B30: 153.71683 | C30: 316.75195 | D30: 344.53708 | E30: -1e-13 | F30: 1.3477262 | G30: 31.42217
A31: Servicio Exterior | B31: -830.08298 | C31: -721.04316 | D31: -877.11552 | E31: -7.5159833 | F31: -354.86789 | G31: -201.62139
A32: Otros resultados de explotación | B32: 390.29746 | C32: 90.906548 | D32: 172.88148 | E32: 0.15792147 | F32: 121.20749 | G32: 71.434012
A33: TRIBUTOS | B33: -1193.2234 | C33: -317.20993 | D33: -524.75543 | E33: 4e-13 | F33: -5.7592572 | G33: -29.916946
A34: EBITDA | B34: 4465.6515 | C34: 2316.4364 | D34: 2067.9313 | E34: -40.758254 | F34: 1705.4012 | G34: 584.77025

Sheet Trimestrales reportado
A5: CUENTA DE PÉRDIDAS Y GANANCIAS POR TRIMESTRE
A6: =+'Cuenta por Países reportada'!C6 -> Septiembre 2026
A7: (No Auditada)
F8: M Eur
B9: ENE-MAR 2026 | D9: ABR-JUN 2026 | F9: JUL-SEPT 2026
A10: INGRESOS | B10: 12017.575 | D10: 10451.514 | F10: 11935.941
A11: APROVISIONAMIENTOS | B11: -5588.2399 | D11: -4624.1721 | F11: -6161.3029
A12: MARGEN BRUTO | B12: 6429.3355 | D12: 5827.3416 | F12: 5774.6385
A13: GASTOS OPERATIVOS NETOS | B13: -1348.4102 | D13: -1364.2874 | F13: -1411.022
A14: Personal | B14: -1040.7386 | D14: -1058.4647 | F14: -1108.0502
A15: Trabajos para el inmovilizado | B15: 288.35701 | D15: 327.51732 | F15: 309.08059
A16: Servicio exterior | B16: -894.15459 | D16: -977.19657 | F16: -901.3364
A17: Otros resultados de explotación | B17: 298.12599 | D17: 343.85653 | F17: 289.28409
A18: TRIBUTOS | B18: -1013.7904 | D18: -480.15892 | F18: -523.07599
A19: EBITDA | B19: 4067.1349 | D19: 3982.8952 | F19: 3840.5406
A20: AMORTIZACIONES y PROVISIONES | B20: -1475.7074 | D20: -1348.6867 | F20: -1421.0403
A21: EBIT | B21: 2591.4275 | D21: 2634.2085 | F21: 2419.5003
... A31: BENEFICIO NETO REPORTADO | B31: 1711.3269 | D31: 2625.0482 | F31: 1479.769
F38: M Eur
B39: ENE-MAR 2025 | D39: ABR-JUN 2025 | F39: JUL-SEPT 2025
A40: INGRESOS | B40: 12582.926 | D40: 9517.5358 | F40: 10300.051
A41: APROVISIONAMIENTOS | B41: -5560.9271 | D41: -4186.6199 | F41: -4829.0283
A42: MARGEN BRUTO | B42: 7021.999 | D42: 5330.9159 | F42: 5471.0232
A43: GASTO OPERATIVO NETO | B43: -1431.4944 | D43: -1312.5491 | F43: -1030.2329
A44: Personal | B44: -1008.4838 | D44: -947.28975 | F44: -1013.4009
A45: Trabajos para el inmovilizado | B45: 250.07795 | D45: 328.87354 | F45: 280.70975
A46: Servicio exterior | B46: -912.81979 | D46: -911.48777 | F46: -900.78091
A47: Otros resultados de explotación | B47: 239.73133 | D47: 217.35492 | F47: 603.23917
A48: TRIBUTOS | B48: -1087.2934 | D48: -495.12954 | F48: -491.94113
A49: EBITDA | B49: 4503.2112 | D49: 3523.2373 | F49: 3948.8492
A50: AMORTIZACIONES y PROVISIONES | B50: -1358.034 | D50: -1407.406 | F50: -1426.749
A51: EBIT | B51: 3145.1772 | D51: 2115.8312 | F51: 2522.1002
... A61: BENEFICIO NETO REPORTADO | B61: 2004.263 | D61: 1557.9708 | F61: 1744.7189
